 Dungeon Crawl Stone Soup version 0.30.0-29-ga12c61a403 (webtiles) character file.

Game seed: 2911727162171514314

487 MacCMillion the Caller (level 7, -1/41 HPs)
             Began as a Tengu Summoner on June 9, 2023.
             Was an Initiate of Gozag.
             Slain by a kobold brigand
             ... wielding a +0 whip
              (7 damage)
             ... on level 4 of the Dungeon.
             The game lasted 00:10:03 (4488 turns).

MacCMillion the Caller (Tengu Summoner)             Turns: 4488, Time: 00:10:04

Health: -1/41      AC:  2    Str:  8    XL:     7   Next: 13%
Magic:  8/12       EV: 16    Int: 17    God:    Gozag
Gold:   279        SH:  0    Dex: 15    Spells: 6/12 levels left

rFire   . . .        d - +0 dagger
rCold   . . .        (no shield)
rNeg    . . .        a - +0 robe
rPois   .            (helmet restricted)
rElec   .            (no cloak)
rCorr   .            (no gloves)
SInv    .            (boots unavailable)
Will    .....        (no amulet)
Stlth   ++           (no ring)
HPRegen 0.26/turn    (no ring)
MPRegen 0.13/turn

%: no passive effects
@: flying quickly and evasively, slowed, very slow
A: beak, talons 3, nimble flight
a: Renounce Religion, Potion Petition, Call Merchant, Bribe Branch


You were on level 4 of the Dungeon.
You worshipped Gozag.
Gozag was aware of your devotion.
You visited 2 branches of the dungeon, and saw 5 of its levels.

You collected 371 gold pieces.
You paid 92 gold pieces to Gozag.

Inventory:

Hand Weapons
 d - a +0 dagger (weapon)
Missiles
 k - a throwing net
Armour
 a - a +0 robe (worn)
Wands
 r - a wand of roots (6)
Scrolls
 c - 4 scrolls of teleportation {unknown}
 e - 2 scrolls of vulnerability {unknown}
 f - 5 scrolls of identify {unknown}
 g - 2 scrolls of poison {unknown}
 i - a scroll of amnesia {unknown}
 l - a scroll of immolation {unknown}
 q - 2 scrolls of fear {unknown}
 u - a scroll of silence {unknown}
Potions
 b - 3 potions of magic
 h - 2 potions of mutation {unknown}
 j - 2 potions of flight {unknown}
 m - a potion of attraction {unknown}
 n - a potion of curing {unknown}
 o - a potion of heal wounds {unknown}
 p - a potion of might
 s - a potion of berserk rage {unknown}
 t - a potion of invisibility {unknown}


   Skills:
 + Level 3.5 Fighting
 + Level 4.6 Dodging
 - Level 2.0 Stealth
 - Level 3.0 Spellcasting
 - Level 7.0 Summonings


You had 6 spell levels left.
You knew the following spells:

 Your Spells              Type           Power      Damage    Failure   Level
a - Summon Small Mammal   Summ           100%       N/A       1%          1
b - Call Imp              Summ           52%        N/A       1%          2
c - Call Canine Familiar  Summ           26%        N/A       3%          3

Your spell library contained the following spells:

 Spells                   Type           Power      Damage    Failure   Level
 Summon Guardian Golem    Hex/Summ       14%        N/A       12%         3
 Apportation              Tloc           4%         N/A       17%         1
 Necrotise                Necr           8%         1d4       17%         1
 Sandblast                Erth           4%         2d4       17%         1
 Passwall                 Tmut/Erth      1%         N/A       26%         2
 Summon Lightning Spire   Summ/Air       14%        N/A       38%         4
 Stone Arrow              Conj/Erth      4%         3d7       45%         3
 Manifold Assault         Tloc           2%         N/A       86%         4
 Dispersal                Tloc           1%         N/A       100%        6
 Disjunction              Tloc           1%         N/A       100%        8


Dungeon Overview and Level Annotations

Branches:
Dungeon (4/15)             Temple (1/1) D:4

Altars:
Cheibriados
Dithmenos
Gozag
Hepliaklqana
Makhleb
Nemelex Xobeh
Trog
Uskayaw
Wu Jian
Xom
Yredelemnul
Zin
The Shining One

Annotations:
D:4 Duvessa


Innate Abilities, Weirdness & Mutations

You have a beak for a mouth.
You have claws for feet.
Your magical nature lets you fly swiftly and evasively.


Message History

The kobold brigand hits you with a +0 whip.
You are too injured to fight recklessly!
You are too injured to fight recklessly!
You are too injured to fight recklessly!
You are too injured to fight recklessly!
You barely miss the kobold brigand.
You claw the kobold brigand, but do no damage.
The kobold brigand is moderately wounded.
Your hound bites the kobold brigand.
Your cerulean imp barely misses the kobold brigand.
The kobold brigand hits you but does no damage.
Your hound barely misses the kobold brigand.
Your cerulean imp closely misses the kobold brigand.
The kobold brigand hits you with a +0 whip.
* * * LOW HITPOINT WARNING * * *
Your hound bites the kobold brigand but does no damage.
You miss the kobold brigand. Your kick misses the kobold brigand.
The kobold brigand is moderately wounded.
Your hound bites the kobold brigand.
Your cerulean imp hits the kobold brigand but does no damage.
The kobold brigand barely misses you.
Your hound bites the kobold brigand but does no damage.
You hit the kobold brigand but do no damage.
You peck the kobold brigand.
The kobold brigand is heavily wounded.
Your hound bites the kobold brigand.
Your cerulean imp hits the kobold brigand but does no damage.
The kobold brigand closely misses you.
Your hound barely misses the kobold brigand.
Your cerulean imp hits the kobold brigand from afar with a -2 spear.
The kobold brigand hits you with a +0 whip!
* * * LOW HITPOINT WARNING * * *
You hit the kobold brigand. You claw the kobold brigand.
The kobold brigand is severely wounded.
Your hound closely misses the kobold brigand.
Your cerulean imp hits the kobold brigand but does no damage.
Your hound barely misses the kobold brigand.
The kobold brigand hits you with a +0 whip!
You die...
Your body crumbles into a pile of gold.

......#...#......#....#
.......#.#......##...##
##......>.......##'####
####...#.#..##'###....#
##....#...#......#....#
~...............##...##
~♣.........#....##...##
~~.........#..[5......#
~♣.........#...h@.....#
~~....>...#####K##....#
~♣. ... #....# ♣# #....
.....# #.... #.^.##
#.... ##### #...[ ♣
#...$ ♣


You could see a kobold brigand (ally target), a friendly hound (summoned) and a
friendly cerulean imp (summoned).

Vanquished Creatures
  Dowan (D:4)
  Terence (D:3)
  An adder (D:3)
  2 bats (D:1)
  3 endoplasms
  3 goblins
  A hobgoblin (D:1)
  A quokka (D:1)
  3 ball pythons
  2 kobolds
  A rat (D:1)
19 creatures vanquished.

Vanquished Creatures (collateral kills)
  Sigmund (D:3)
  2 orc priests
  Robin (D:3)
  3 adders (D:2)
  A worm (D:3)
  6 dart slugs
  8 orcs
  A bat (D:2)
  7 endoplasms
  3 giant cockroaches
  8 hobgoblins
  6 jackals
  4 quokkas
  9 ball pythons
  6 frilled lizards
  14 goblins
  8 kobolds
  7 rats
95 creatures vanquished.

Grand Total: 114 creatures vanquished

Notes
Turn   | Place    | Note
-------+----------+-------------------------------------------
     0 | D:1      | MacCMillion the Tengu Summoner began the quest for the Orb.
     0 | D:1      | Reached XP level 1. HP: 10/10 MP: 4/4
   133 | D:1      | Reached skill level 5 in Summonings
   186 | D:1      | Reached XP level 2. HP: 11/15 MP: 3/6
   285 | D:1      | You fall into a shaft and drop 1 floor!
   355 | D:2      | Found a hazy altar of Hepliaklqana.
   408 | D:2      | Learned a level 2 spell: Call Imp
   503 | D:2      | Reached XP level 3. HP: 19/19 MP: 4/8
   764 | D:2      | Found a faded altar of an unknown god.
   792 | D:2      | Reached XP level 4. HP: 23/24 MP: 5/9
   795 | D:2      | Reached skill level 6 in Summonings
  1238 | D:3      | Noticed Robin
  1452 | D:1      | Learned a level 3 spell: Call Canine Familiar
  2455 | D:3      | Found a glowing silver altar of Zin.
  2552 | D:3      | Noticed Sigmund
  2569 | D:3      | Gained mutation: Your magical nature lets you fly swiftly
                  | and evasively. [Tengu growth]
  2569 | D:3      | Reached XP level 5. HP: 28/28 MP: 5/10
  2769 | D:3      | Reached skill level 7 in Summonings
  3167 | D:3      | Reached skill level 1 in Fighting
  3276 | D:3      | Noticed Terence
  3439 | D:3      | Killed Sigmund
  3440 | D:3      | Reached XP level 6. HP: 36/36 MP: 3/11
  3544 | D:3      | Killed Terence
  3665 | D:3      | Killed Robin
  3748 | D:4      | Found a staircase to the Ecumenical Temple.
  3749 | D:4      | Noticed Dowan
  3786 | D:4      | Noticed Duvessa
  3791 | Temple   | Entered the Ecumenical Temple
  3791 | Temple   | Found a transporter.
  3791 | Temple   | Found a transporter.
  3793 | Temple   | Found a transporter.
  3793 | Temple   | Found a transporter.
  3818 | Temple   | Became a worshipper of Gozag Ym Sagoz the Greedy
  4214 | D:4      | Killed Dowan
  4215 | D:4      | Reached XP level 7. HP: 37/41 MP: 10/12
  4488 | D:4      | Slain by a kobold brigand

Illustrated notes

Levels and vault maps discovered:
D:1:      dpeg_arrival_tiny_a, layout_basic, minmay_close_crescents
D:2:      layout_rooms, basic_altar, chequers_ecumenical_altar_simple_redux,
          minmay_circle_x
D:3:      layout_loops_ring, mainiacjoe_overflow_catwalk, st_stairs_2,
          kennysheep_path_1, uniq_sigmund, uniq_terence, uniq_robin
D:4:      layout_gridville, minmay_temple_entry_crystal_x,
          serial_bayou_lagoon_b, uniq_duvessa
Temple:   hellmonk_temple_divided_pantheon

Skill      XL: |  1  2  3  4  5  6 |
---------------+-------------------+-----
Summonings     | 5 6 7 |  7.0
Spellcasting   | 3 |  3.0
Fighting       | 2 3 |  3.5
Dodging        | 3 4 |  4.6
Stealth        | |  2.0

Action                     |  1- 3 |  4- 6 |  7- 9 || total
---------------------------+-------+-------+-------++-------
  Melee: Dagger            |    15 |    34 |    10 ||    59
         Unarmed           |     3 |       |       ||     3
         Kick              |     4 |    14 |     3 ||    21
         Peck              |     3 |     4 |     1 ||     8
   Cast: Summon Small Mamm |    36 |    32 |       ||    68
         Call Imp          |     5 |    26 |     3 ||    34
         Call Canine Famil |       |    17 |     3 ||    20
   Stab: Distracted        |       |     3 |       ||     3
 Armour: Robe              |     5 |    13 |     4 ||    22
  Dodge: Dodged            |    16 |    35 |    14 ||    65
